 Dungeon Crawl Stone Soup version 0.21.1-1-g345015fe64 (webtiles) character file.

861274 Mesmodan the Gargoyle Barricade (level 27, 0/204 HPs)
             Began as a Gargoyle Fighter on June 20, 2018.
             Was the Champion of Jiyva.
             Killed from afar by a Hell Sentinel (28 damage)
             ... with damnation
             ... in Pandemonium on June 24, 2018.
             The game lasted 12:34:30 (85928 turns).

Mesmodan the Gargoyle Barricade (Gargoyle Fighter) Turns: 85928, Time: 12:34:30

Health: 0/204      AC: 57    Str: 31    XL:     27
Magic:  51/51      EV: 26    Int: 16    God:    Jiyva [******]
Gold:   4785       SH: 36    Dex: 25    Spells: 12/34 levels left

rFire    + + +     SeeInvis +   v - +18 lance "Wyrmbane" {slay drac, rPois rF+ rC+ AC+3}
rCold    + + +     Gourm    .   m - +7 large shield {rC+}
rNeg     + + +     Faith    .   R - +5 chain mail of Hangman {rN+ MR+}
rPois    ∞         Spirit   .   Q - +3 hat of Pondering {ponderous, MR+ MP+10 Int+5}
rElec    +         Reflect  .   L - scarf {rC+ rF+}
rCorr    +         Harm     .   C - +3 pair of gauntlets of War {Slay+5}
MR       ++++.                  y - +2 pair of boots {run}
Stlth    ++........             O - amulet "Idevuff" {+Fly rElec Regen+ Str+3 Dex+3}
HPRegen  0.84/turn              Z - ring of Zulappik {rPois MP+9 Int-4 Dex+9 SInv}
MPRegen  0.32/turn              K - ring "Jefoc" {+Blink rElec rN+ Str+3 Stlth+}

@: flying
A: big wings, talons 1, thin skeletal structure 1, blink, blurry vision 2, cold
resistance 1, fire resistance 1, negative energy resistance 1, sense
surroundings 1, robust 1, electricity resistance, unbreathing, acidic bite,
eyeballs 1, translucent skin 1, tendrils, petrification resistance, rot
immunity, AC +20
}: 6/15 runes: decaying, slimy, silver, golden, abyssal, gossamer
a: Stop Flying, Blink, Request Jelly, Slimify, Cure Bad Mutation, Renounce
Religion, Evoke Blink


You were in Pandemonium.
You worshipped Jiyva.
Jiyva was exalted by your worship.
You were very full.

You visited 12 branches of the dungeon, and saw 56 of its levels.
You visited Pandemonium 1 time, and saw 3 of its levels.
You visited the Abyss 6 times.
You visited 1 bazaar.
You also visited: Labyrinth.

You collected 8438 gold pieces.
You spent 3653 gold pieces at shops.

Inventory:

Hand Weapons
 v - the +18 lance "Wyrmbane" (weapon) {slay drac, rPois rF+ rC+ AC+3}
   (You found it on level 3 of the Elven Halls)

   It affects your AC (+3).
   It protects you from fire.
   It protects you from cold.
   It protects you from poison.
 I - the +9 flail of the Feather {vamp, +Inv rF+ Int+3 Dex-4}
   (You took it off a deep elf mage on level 3 of the Elven Halls)

   It inflicts no extra harm, but heals its wielder when it wounds a living foe.
   It affects your intelligence (+3).
   It affects your dexterity (-4).
   It protects you from fire.
   It lets you turn invisible.
Armour
 m - a +7 large shield of cold resistance (worn)
 y - a +2 pair of boots of running (worn)
 C - the +3 pair of gauntlets of War (worn) {Slay+5}
   (You found it in a labyrinth)

   It affects your accuracy and damage with ranged weapons and melee attacks
   (+5).
 H - a +3 plate armour of magic resistance
 L - a scarf of resistance (worn)
 Q - the +3 hat of Pondering (worn) {ponderous, MR+ MP+10 Int+5}
   (You bought it in a shop on level 3 of the Vaults)

   It affects your intelligence (+5).
   It affects your resistance to hostile enchantments.
   It affects your magic capacity (+10).
 R - the +5 chain mail of Hangman (worn) {rN+ MR+}
   (You found it in a labyrinth)

   It protects you from negative energy.
   It affects your resistance to hostile enchantments.
Jewellery
 h - the amulet "Lawec" {Reflect rPois rF+ rC+ Dex-3 SH+2}
   (You found it on level 1 of the Crypt)

   [amulet of reflection]

   It shields you and reflects attacks.
   It affects your dexterity (-3).
   It protects you from fire.
   It protects you from cold.
   It protects you from poison.
   It affects your SH (+2).
 s - the amulet "Keer" {Spirit MR+ Str-4 Dex+8}
   (You found it on level 3 of the Tomb of the Ancients)

   [amulet of guardian spirit]

   It causes incoming damage to be split between your health and magic.
   It affects your strength (-4).
   It affects your dexterity (+8).
   It affects your resistance to hostile enchantments.
 K - the ring "Jefoc" (right hand) {+Blink rElec rN+ Str+3 Stlth+}
   (You found it on level 5 of the Pits of Slime)

   [ring of stealth]

   It affects your strength (+3).
   It insulates you from electricity.
   It protects you from negative energy.
   It lets you blink.
   It makes you more stealthy.
 O - the amulet "Idevuff" (around neck) {+Fly rElec Regen+ Str+3 Dex+3}
   (You found it on level 5 of the Vaults)

   [amulet of regeneration]

   It affects your strength (+3).
   It affects your dexterity (+3).
   It insulates you from electricity.
   It lets you fly.
   It increases your rate of regeneration.
 U - the ring "Zielarph" {rF+ rN+++ Str+2 Dex-3 Slay+2}
   (You found it on level 5 of the Pits of Slime)

   [ring of protection from fire]

   It affects your strength (+2).
   It affects your dexterity (-3).
   It affects your accuracy and damage with ranged weapons and melee attacks
   (+2).
   It protects you from fire.
   It renders you almost immune to negative energy.
 Z - the ring of Zulappik (left hand) {rPois MP+9 Int-4 Dex+9 SInv}
   (You took it off a deep elf blademaster on level 3 of the Elven Halls)

   [ring of poison resistance]

   It affects your intelligence (-4).
   It affects your dexterity (+9).
   It protects you from poison.
   It affects your magic capacity (+9).
   It lets you see invisible.
Wands
 n - a wand of enslavement (22)
 o - a wand of iceblast (27)
 q - a wand of acid (60)
 w - a wand of scattershot (17)
 E - a wand of clouds (8)
 N - a wand of digging (39)
 T - a wand of polymorph (31)
 V - a wand of disintegration (45)
 X - a wand of paralysis (29)
Scrolls
 i - 2 scrolls of enchant weapon
 k - 2 scrolls of magic mapping
 l - 10 scrolls of teleportation
 p - a scroll of summoning
 r - 7 scrolls of fear
 x - 2 scrolls of torment
 z - a scroll of silence
 J - 14 scrolls of remove curse
 P - 3 scrolls of immolation
 Y - 3 scrolls of blinking
Potions
 d - 6 potions of might
 g - 5 potions of resistance
 t - 3 potions of cancellation
 u - a potion of berserk rage
 B - 9 potions of haste
 D - 18 potions of curing
 F - 5 potions of brilliance
 G - 8 potions of agility
 M - 2 potions of ambrosia
 W - 2 potions of invisibility
Miscellaneous
 a - a phial of floods
 b - a lightning rod (4/4)
 c - a figurine of a ziggurat
 e - a lightning rod (4/4)
 j - a lamp of fire
 A - 2 phantom mirrors
Comestibles
 f - 64 rations


   Skills:
 - Level 22.9 Fighting
 - Level 17.4 Maces & Flails
 - Level 18.8 Polearms
 - Level 23.5 Armour
 - Level 18.2 Dodging
 - Level 5.0 Stealth
 O Level 27 Shields
 - Level 4.0 Spellcasting
 - Level 5.0 Conjurations
 + Level 13.3 Hexes
 + Level 8.6 Air Magic
 - Level 6.0 Earth Magic
   Level 9.0 Invocations
 - Level 13.0 Evocations


You had 12 spell levels left.
You knew the following spells:

 Your Spells              Type           Power        Failure   Level  Hunger
a - Iron Shot             Conj/Erth      ###.......   99%         6    #######
c - Petrify               Tmut/Erth      ##......     71%         4    ####...
d - Corona                Hex            #####..      1%          1    None
e - Confuse               Hex            #####...     1%          3    ###....
f - Dazzling Spray        Conj/Hex       ####..       2%          3    ###....
g - Silence               Hex/Air        #####.....   11%         5    ######.


Dungeon Overview and Level Annotations

Branches:
Dungeon (15/15)            Temple (1/1) D:5            Lair (6/6) D:9
  Swamp (4/4) Lair:2       Spider (4/4) Lair:4        Slime (5/5) Lair:5
    Orc (2/2) D:12            Elf (3/3) Orc:2        Vaults (5/5) D:13
  Crypt (3/3) Vaults:2       Tomb (3/3) Crypt:3      Depths (5/5) D:15
    Zot (0/5) Depths:5

Altars:
Ashenzari
Cheibriados
Dithmenos
Elyvilon
Gozag
Kikubaaqudgha
Nemelex Xobeh
Okawaru
Qazlal
Ru
Trog
Uskayaw
Vehumet
Yredelemnul
Jiyva

Shops:
D:4 *   Orc:2 *[:   Elf:1 (   Elf:3 [   Vaults:1 (   Vaults:3 [   Depths:4 (

Portals:
Hell: Depths:1 Depths:2 Depths:3 Depths:4 Depths:5
Abyss: Depths:4
Pandemonium: Depths:3
Ziggurat: Depths:4
Trove: Vaults:4 (give 12 scrolls of teleportation)

Annotations:
Slime:5 Royal Jelly


Innate Abilities, Weirdness & Mutations

You are resistant to torment.
Your stone body is resilient. (AC +20)
You are immune to poison.
Your large and strong wings let you fly indefinitely.
You resist negative energy. (rN+)
You are resistant to electric shocks. (rElec)
You can survive without breathing.
You are immune to petrification.
You are immune to rotting.
You have sharp toenails.
You have a somewhat thin skeletal structure. (Dex +2, Stealth)
You can translocate small distances at will.
Scrolls take you longer to read.
Your flesh is cold resistant. (rC+)
Your flesh is heat resistant. (rF+)
You passively map a small area around you.
You are robust. (+10% HP)
You have acidic saliva.
Your body has grown golden eyes which may confuse attackers. (Acc +3)
Your translucent skin slightly reduces your foes' accuracy. (Stealth)
You are covered in slimy tendrils that may disarm your opponents.


Message History

The sphere of damnation explodes!
The damnation engulfs you!
* * * LOW HITPOINT WARNING * * *
The damnation engulfs the Hell Sentinel.
The Hell Sentinel completely resists.
You feel much better. The Hell Sentinel gestures at you.
The sphere of damnation explodes!
The damnation engulfs you!
* * * LOW HITPOINT WARNING * * *
The damnation engulfs the Hell Sentinel.
The Hell Sentinel completely resists.
You hear a shout!
You feel better.
You block the Hell Sentinel's attack. x2
You impale the Hell Sentinel!!
You bite the Hell Sentinel, but do no damage.
The Hell Sentinel is heavily wounded.
You barely miss the Hell Sentinel.
The Hell Sentinel is heavily wounded.
The Hell Sentinel gestures at you.
The sphere of damnation explodes!
The damnation engulfs you!
You die...

.......... #.#..............#...#
.........# #................#...#
.........###................#....
............................##'##
#.........)......................
#.............#...#....).........
#............/)..................
#.............#1.................
#............?#.@................
'.............#...'..............
#.............###'#...........[..
...#####......#...#......#+##'###
.. #......#...#......#....... . ,
.'......#...#......#.......
,.#......#...#......#.......
#...#......#....... , * * , ,
#####......########


You could see a Hell Sentinel.

Vanquished Creatures
  2 pandemonium lords (Pan)
  5 ancient liches
  Mara (Crypt:3)
  Mennas (Vaults:3)
  2 juggernauts (Depths:4)
  33 greater mummies
  Sojobo (Vaults:4)
  Boris (Crypt:2)
  Bai Suzhen (Swamp:3)
  Saint Roka (Vaults:5)
  The ghost of Henning the Hoplite, a veteran MiFi of Trog (Vaults:5)
  Margery (Vaults:2)
  the Lernaean hydra (Swamp:4)
  2 curse toes (Crypt:3)
  7 caustic shrikes
  Nikola (Swamp:3)
  5 golden dragons
  Jory (Depths:4)
  3 profane servitors
  10 bone dragons
  Arachne (Spider:2)
  A Tzitzimitl (Pan)
  Jorgrun (Elf:2)
  The ghost of Lokiki the Hoplite, an adept MiFi of Gozag (Vaults:5)
  2 hellephants (Abyss:4)
  6 tentacled monstrosities
  Rupert (D:12)
  12 liches
  3 Ice Fiends
  A shard shrike skeleton (Crypt:1)
  4 Hell Sentinels
  8 titans
  8 deep elf blademasters
  Asterion (Spider:3)
  A quicksilver dragon (Vaults:5)
  6 deep elf master archers
  4 Executioners (Pan)
  8 sphinxes
  45 tentacled starspawn
  19 acid blobs
  Gastronok (Lair:1)
  Donald (Orc:1)
  11 ancient champions
  8 tengu reavers
  5 shadow dragons
  A thorn hunter (Swamp:2)
  Roxanne (Swamp:2)
  Kirke (Lair:5)
  A warmonger (Pan)
  4 draconian monks (Depths:5)
  3 daevas
  16 fire giants
  8 revenants
  13 frost giants
  2 storm dragons
  7 azure jellies
  2 iron dragons
  Aizul (Swamp:1)
  4 ghost moths
  4 deep elf elementalists
  2 draconian scorchers
  12 vault wardens
  2 orc warlords
  3 emperor scorpions
  Louise (Swamp:3)
  6 deep elf sorcerers
  6 balrugs (Pan)
  A ghoul (Vaults:2)
  An angel (Abyss:5)
  5 reapers
  8 cacodemons
  A spriggan defender (Depths:4)
  A draconian stormcaller (Abyss:1)
  12 ironheart preservers
  A war gargoyle (Vaults:5)
  2 draconian annihilators
  The ghost of kajmaj the Geomancer, a journeyman GrEE of Nemelex Xobeh (Spider:1)
  39 very ugly things
  30 stone giants
  A juggernaut skeleton (D:15)
  An ophan (Abyss:4)
  5 corrupters (Pan)
  12 bennus
  2 blood saints (Pan)
  An entropy weaver (Spider:2)
  6 vampire knights
  2 yellow draconians (Depths:2)
  7 deep elf annihilators
  Azrael (Spider:3)
  11 black draconians
  4 purple draconians
  4 lorocyprocas
  3 green draconians
  9 red draconians
  2 spark wasps (Spider:4)
  4 deep elf demonologists
  6 white draconians
  14 eidola
  12 ettins
  7 green deaths
  A merfolk javelineer (Depths:4)
  A crystal guardian (Vaults:3)
  21 mummy priests
  A death ooze (Slime:2)
  9 fire dragons
  A merfolk impaler (Abyss:3)
  21 jiangshi
  8 deep elf death magi
  6 blizzard demons
  A minotaur (Lab)
  6 deep elf high priests
  A spriggan air mage (Depths:4)
  30 hydras
  A naga warrior (Abyss:2)
  3 monstrous demonspawn (Pan)
  A quicksilver dragon zombie (Tomb:1)
  7 great orbs of eyes
  18 yaktaur captains
  23 vault guards
  A quicksilver dragon skeleton (Abyss:1)
  15 ice dragons
  2 ghost crabs
  14 rakshasas
  11 centaur warriors
  2 catoblepae
  95 large abominations
  5 death knights
  56 two-headed ogres
  16 ogre magi
  7 death yaks
  3 deep troll shamans
  39 death scarabs
  7 alligators
  The ghost of Kohma the Carver, a novice DsBe of Trog (D:8)
  56 thrashing horrors
  7 vampire magi
  2 tengu warriors
  The ghost of test1 the Thaumaturge, a journeyman DEWz of Vehumet (D:12)
  9 deep troll earth magi
  3 orc high priests
  24 dancing weapons
  10 hell hogs
  30 wretched stars
  2 spriggan berserkers
  2 titan skeletons
  11 soul eaters
  2 storm dragon zombies
  26 deep elf knights
  22 sun demons
  5 iron trolls
  7 hell knights
  A fire crab (Lair:6)
  13 sixfirhies
  30 skeletal warriors
  3 death drakes (Depths:5)
  A spriggan druid (Swamp:4)
  2 storm dragon skeletons
  4 gelid demonspawn (Pan)
  5 torturous demonspawn (Pan)
  10 spatial maelstroms
  4 wizards
  4 shadow wraiths
  31 deep trolls
  A ghost moth zombie (Tomb:3)
  An infernal demonspawn (Pan)
  14 swamp dragons
  A golden dragon zombie (Crypt:1)
  2 golden dragon skeletons
  An obsidian statue (D:13)
  7 flayed ghosts
  3 orange crystal statues
  4 shadow demons
  35 deep elf archers
  4 unseen horrors
  An anaconda zombie (Crypt:1)
  6 lindwurms (Depths:5)
  A tengu zombie (Depths:3)
  11 phantasmal warriors
  13 orb spiders
  4 shambling mangroves
  8 ironbrand convokers
  A mana viper (shapeshifter) (Depths:4)
  A wolf spider zombie (Crypt:2)
  2 anaconda skeletons (Crypt:2)
  82 deep elf magi
  A shadow dragon skeleton (Tomb:2)
  13 necromancers
  31 orc knights
  A stone giant zombie (Depths:1)
  6 orc sorcerers
  A fire giant zombie (Abyss:3)
  7 cyclopes
  27 wolf spiders
  An oklob plant (Lair:1)
  3 salamanders
  A manticore (shapeshifter) (Vaults:3)
  3 frost giant skeletons
  6 manticores
  4 shining eyes
  4 worldbinders
  An iron dragon skeleton (Abyss:3)
  4 black mambas
  2 moths of wrath
  51 ugly things
  2 dire elephant zombies
  A guardian serpent (shapeshifter) (Abyss:3)
  Maurice (Orc:1)
  6 apocalypse crabs
  A fire giant skeleton (Depths:1)
  5 elephants
  A stone giant skeleton (Crypt:1)
  A shock serpent zombie (Crypt:2)
  34 smoke demons
  2 torpor snails
  11 orange demons
  A shock serpent skeleton (Abyss:1)
  2 guardian serpents
  6 eyes of devastation
  13 vault sentinels
  6 rime drakes
  2 gargoyles
  19 spiny frogs
  An emperor scorpion zombie (Abyss:2)
  A purple draconian zombie (Crypt:1)
  A spiny frog (shapeshifter) (Abyss:4)
  A rime drake (shapeshifter) (Vaults:3)
  3 centaur skeletons
  9 demonic crawlers
  9 hellwings
  An alligator snapping turtle skeleton (Crypt:1)
  A pale draconian zombie (Crypt:3)
  3 tormentors
  An ice devil (Abyss:1)
  9 komodo dragons
  The ghost of Ge0ff the Grave Robber, a novice MfNe (D:5)
  3 kobold demonologists
  5 hellions
  48 yaktaurs
  A yaktaur (shapeshifter) (Vaults:1)
  An efreet (Abyss:4)
  7 red devils
  15 freezing wraiths
  52 guardian mummies
  A catoblepas skeleton (Crypt:2)
  A death yak skeleton (Crypt:1)
  A green draconian skeleton (Crypt:2)
  2 hydra zombies
  26 ancient zymes
  A silent spectre (Abyss:3)
  A queen bee (shapeshifter) (Vaults:1)
  8 trolls
  A tengu conjurer (Depths:3)
  19 jumping spiders
  2 sea snake skeletons
  A hornet (shapeshifter) (Depths:4)
  A polar bear (shapeshifter) (Vaults:1)
  5 tyrant leeches
  4 polar bears
  Grinder (D:3)
  A shadow dragon simulacrum (Crypt:1)
  A tengu simulacrum (Depths:3)
  96 raiju
  A wind drake (Depths:5)
  18 bog bodies
  24 hornets
  A spriggan zombie (D:15)
  112 slime creatures
  3 dream sheep (Lair:6)
  An ice dragon zombie (Crypt:3)
  41 blink frogs
  16 hippogriffs
  An ettin skeleton (Crypt:3)
  36 flying skulls
  A dream sheep (shapeshifter) (Elf:2)
  A redback (shapeshifter) (Depths:3)
  2 ettin zombies
  3 black mamba zombies
  42 redbacks
  A deep troll skeleton (Depths:1)
  A fire giant simulacrum (Abyss:4)
  Sigmund (D:6)
  8 air elementals
  A centaur simulacrum (D:12)
  A stone giant simulacrum (Crypt:2)
  2 ice dragon skeletons
  9 shadows
  18 ushabtiu
  13 wraiths
  7 spriggans
  A tarantella (shapeshifter) (Abyss:2)
  23 tarantellas
  53 small abominations
  2 vampires (Crypt:3)
  14 ynoxinuls
  24 water elementals
  6 fire bats
  11 wyverns
  2 yaks (shapeshifter)
  9 basilisks
  10 fire elementals
  4 hogs (D:9)
  7 hungry ghosts
  19 neqoxecs
  A black mamba skeleton (Crypt:2)
  22 chaos spawn
  2 elf skeletons
  A yaktaur simulacrum (Vaults:2)
  17 vampire mosquitoes
  A human (D:9)
  2 steam dragons (Lair:6)
  31 yaks
  A basilisk (shapeshifter) (Vaults:4)
  22 swamp worms
  5 wargs
  Edmund (D:5)
  Menkaure (D:5)
  35 insubstantial wisps
  13 spatial vortices
  A soldier ant (D:10)
  5 acid dragons
  15 water moccasins
  11 porcupines
  A hell hound (Spider:3)
  16 swamp drakes
  7 sky beasts
  5 black bears
  A black bear (shapeshifter) (Depths:5)
  15 boggarts
  9 eyes of draining
  2 fire dragon simulacra
  7 ice beasts
  54 orc warriors
  4 phantoms
  48 ogres
  8 wolves
  19 centaurs
  A crocodile (shapeshifter) (Abyss:3)
  15 crocodiles
  12 bullfrogs
  8 big kobolds
  Blork the orc (D:4)
  2 earth elementals
  2 human skeletons (Vaults:5)
  A glowing shapeshifter simulacrum (Vaults:5)
  A water moccasin zombie (D:11)
  A wyvern zombie (D:12)
  3 scorpions
  A troll zombie (D:12)
  16 killer bees
  An elf simulacrum (Vaults:1)
  A tengu skeleton (Depths:1)
  10 wights
  8 electric eels
  A raiju skeleton (Crypt:3)
  6 howler monkeys
  9 crimson imps
  2 bullfrog zombies
  3 centaur zombies
  101 starcursed masses
  6 quasits
  11 hounds
  3 bullfrog skeletons
  26 orc priests
  A jelly (D:8)
  5 iron imps
  6 iguanas
  23 orc wizards
  2 hell rats
  13 worker ants
  3 polar bear simulacra (Lair:6)
  A yak simulacrum (Lair:6)
  4 wolf simulacra (Lair:6)
  A bullfrog simulacrum (D:12)
  5 ogre zombies (D:12)
  An acid dragon skeleton (Crypt:1)
  An ogre skeleton (Crypt:3)
  A crocodile skeleton (Crypt:2)
  60 mummies
  2 worker ant zombies
  12 gnolls (D:4)
  14 adders
  11 river rats (D:5)
  8 shadow imps
  10 white imps
  9 ufetubi
  An adder skeleton (D:4)
  A halfling skeleton (Crypt:2)
  A lava snake skeleton (Crypt:1)
  A worm (D:3)
  A dart slug (D:2)
  4 leopard geckos
  71 orcs
  8 giant cockroaches
  26 goblins
  31 hobgoblins
  24 jackals
  10 quokkas
  2 ball pythons
  8 bats
  2 frilled lizards
  A giant cockroach zombie (Crypt:1)
  4 goblin zombies (D:12)
  A hobgoblin skeleton (D:12)
  A hobgoblin zombie (D:12)
  A jackal zombie (D:6)
  23 kobolds
  2 leopard gecko skeletons
  3 orc skeletons (D:12)
  10 orc zombies (D:12)
  18 rats
  3 river rat simulacra (Lair:6)
  A bush (Abyss:4)
  A butterfly (Lair:1)
  A fungus (Lair:5)
  2 lurking horrors (Abyss:4)
  3 plants
  22 starspawn tentacles
3812 creatures vanquished.

Vanquished Creatures (collateral kills)
  2 raiju (Abyss:1)
2 creatures vanquished.

Vanquished Creatures (others)
  The ghost of Dickchan the Kobold Arbalest, a veteran KoEn of Okawaru (Slime:5)
  2 azure jellies
  The ghost of Eurus the Warrior, an adept DsFi of Ashenzari (Slime:5)
  A tentacled monstrosity (Vaults:5)
  A lich (Abyss:1)
  An acid blob (Vaults:5)
  A sphinx (shapeshifter) (Vaults:1)
  2 sphinxes
  A tengu reaver (Vaults:4)
  A fire giant (Depths:5)
  A vault warden (Vaults:5)
  A ghost moth (shapeshifter) (Vaults:5)
  An ironheart preserver (Vaults:2)
  An entropy weaver (Vaults:5)
  7 great orbs of eyes
  A fire dragon (Depths:2)
  2 death oozes
  2 ogre magi
  A yaktaur captain (Vaults:5)
  A vault guard (Vaults:5)
  A spriggan air mage (Depths:5)
  An alligator (Lair:2)
  A two-headed ogre (Vaults:2)
  41 death scarabs
  A thrashing horror (Abyss:5)
  A shock serpent (shapeshifter) (Crypt:3)
  6 glowing orange brains
  A spriggan druid (Swamp:3)
  A wizard (Abyss:5)
  An orc knight (Vaults:5)
  A shining eye (Abyss:4)
  2 ugly things
  A stone giant skeleton (Tomb:2)
  A spiny frog (Swamp:3)
  3 yaktaurs (Vaults:4)
  2 tengu conjurers (Depths:3)
  A troll (Vaults:5)
  A jumping spider (Vaults:5)
  3 hornets
  12 slime creatures
  A shadow (Crypt:1)
  9 flying skulls
  A redback (shapeshifter) (Depths:2)
  A vampire (Abyss:4)
  3 spriggans
  A redback (Vaults:5)
  A wraith (Vaults:5)
  A human (shapeshifter) (Vaults:4)
  An ushabti (Tomb:2)
  A human (Lair:5)
  5 golden eyes (Abyss:4)
  A hog (shapeshifter) (Depths:2)
  A chaos spawn (Abyss:3)
  A vampire mosquito (Swamp:4)
  A swamp worm (Swamp:3)
  An orb spider zombie (Crypt:3)
  2 floating eyes (Abyss:5)
  4 orc warriors
  3 swamp drakes
  7 ogres
  5 boggarts
  A centaur (shapeshifter) (Abyss:4)
  A spiny frog simulacrum (Tomb:2)
  373 jellies
  A crimson imp (Abyss:4)
  2 starcursed masses (Abyss:4)
  3 orc priests
  2 orc wizards
  6 small abominations
  7 mummies
  2 white imps
  An ooze (shapeshifter) (Vaults:5)
  3 orcs
  A jackal (D:7)
  A bush (D:9)
  A butterfly (Abyss:4)
  3 demonic plants (Abyss:4)
  23 fungi
  4 lurking horrors
  59 plants
  116 starspawn tentacles
773 creatures vanquished.

Grand Total: 4587 creatures vanquished

Notes
Turn   | Place    | Note
-------+----------+-------------------------------------------
     0 | D:1      | Mesmodan the Gargoyle Fighter began the quest for the Orb.
     0 | D:1      | Reached XP level 1. HP: 14/14 MP: 1/1
    91 | D:1      | Reached XP level 2. HP: 19/19 MP: 2/2
   764 | D:2      | Reached XP level 3. HP: 22/23 MP: 3/3
  1472 | D:3      | Noticed Grinder
  1498 | D:3      | Killed Grinder
  1498 | D:3      | Reached skill level 4 in Shields
  1498 | D:3      | Reached XP level 4. HP: 6/29 MP: 4/4
  1498 | D:3      | Reached XP level 5. HP: 7/33 MP: 5/5
  1498 | D:3      | Reached XP level 6. HP: 8/38 MP: 6/6
  1808 | D:3      | Reached skill level 5 in Shields
  2617 | D:4      | Found a hide-covered altar of Uskayaw.
  2705 | D:4      | Noticed Blork the orc
  2719 | D:4      | Killed Blork the orc
  2719 | D:4      | Reached XP level 7. HP: 21/44 MP: 7/7
  3171 | D:4      | Got a steaming rapier {flame}
  3175 | D:4      | Identified the +9 rapier "Puuva" {flame, -Tele +Inv Str+6 Dex+3} (You took it off a goblin on level 4 of the Dungeon)
  3190 | D:4      | Reached skill level 5 in Maces & Flails
  3190 | D:4      | Reached skill level 6 in Shields
  3205 | D:4      | Reached skill level 5 in Fighting
  3349 | D:4      | Reached XP level 8. HP: 49/49 MP: 8/8
  3499 | D:4      | Reached skill level 7 in Shields
  3583 | D:4      | Found Xasos's General Store.
  3722 | D:4      | Found a sacrificial altar of Ru.
  3837 | D:5      | Entered Level 5 of the Dungeon
  3850 | D:5      | Found a staircase to the Ecumenical Temple.
  3853 | D:5      | Noticed Menkaure
  3862 | D:5      | Killed Menkaure
  3868 | Temple   | Entered the Ecumenical Temple
  3881 | Temple   | Became a worshipper of Warmaster Okawaru
  4142 | D:5      | Reached skill level 8 in Shields
  4179 | D:5      | Noticed Ge0ff's ghost (novice MfNe)
  4189 | D:5      | Killed Ge0ff's ghost
  4189 | D:5      | Reached * piety under Okawaru
  4189 | D:5      | Reached XP level 9. HP: 37/55 MP: 9/9
  4327 | D:5      | Found a basalt altar of Yredelemnul.
  4371 | D:5      | Noticed Edmund
  4388 | D:5      | Killed Edmund
  4388 | D:5      | Reached ** piety under Okawaru
  4596 | D:5      | Reached skill level 9 in Shields
  4960 | D:6      | Noticed Sigmund
  5262 | D:6      | Reached skill level 1 in Dodging
  5463 | D:6      | Killed Sigmund
  5477 | D:6      | Found a shattered altar of Ashenzari.
  5506 | D:6      | Reached *** piety under Okawaru
  5515 | D:6      | Reached skill level 5 in Armour
  5663 | D:6      | Reached XP level 10. HP: 56/63 MP: 10/10
  5881 | D:7      | Found the ring of Shadows {Umbra +Inv Stlth+}
  5953 | D:7      | Found a white marble altar of Elyvilon.
  5996 | D:7      | Found an ancient bone altar of Kikubaaqudgha.
  6059 | D:7      | Reached skill level 1 in Stealth
  6257 | D:7      | Got a bloodstained robe
  6274 | D:7      | Identified the +0 robe of the Tundras {rPois rC- MR+} (You found it on level 7 of the Dungeon)
  6414 | D:7      | Reached skill level 10 in Shields
  6695 | D:8      | Noticed Kohma's ghost (novice DsBe)
  6736 | D:8      | Killed Kohma's ghost
  6925 | D:8      | Reached **** piety under Okawaru
  7049 | D:8      | Found an opulent altar of Gozag.
  7155 | D:8      | Noticed a two-headed ogre
  7165 | D:8      | Killed a two-headed ogre
  7389 | D:9      | Reached ***** piety under Okawaru
  7389 | D:9      | Reached skill level 11 in Shields
  7461 | D:9      | Reached skill level 10 in Maces & Flails
  7477 | D:9      | Reached XP level 11. HP: 61/67 MP: 11/11
  7764 | D:9      | Reached skill level 5 in Stealth
  8153 | D:9      | Received a gift from Okawaru
  8189 | D:9      | Reached skill level 12 in Shields
  8531 | D:9      | Found a staircase to the Lair.
  8575 | D:9      | Got a pair of ancient gloves
  8581 | D:9      | Identified the cursed -3 pair of gloves of the Dice {*Contam Regen+ Str+2 Dex+6} (You found it on level 9 of the Dungeon)
  8581 | D:9      | Identified a scroll of acquirement
  8863 | D:10     | Entered Level 10 of the Dungeon
  8863 | D:10     | Noticed a two-headed ogre
  8993 | D:10     | Found an ancient bone altar of Kikubaaqudgha.
  9039 | D:10     | Killed a two-headed ogre
  9136 | D:10     | Got a transparent ring mail
  9147 | D:10     | Identified the +4 ring mail of Pantheism {rN++ MR- Regen+ Str+3} (You found it on level 10 of the Dungeon)
  9586 | D:10     | Reached XP level 12. HP: 72/72 MP: 12/12
  9601 | D:10     | Reached skill level 13 in Shields
  9681 | D:11     | Noticed a two-headed ogre
  9702 | D:11     | Killed a two-headed ogre
  9865 | D:11     | Gained mutation: You are clumsy. (Dex -2) [mutagenic glow]
  9886 | D:11     | Lost mutation: You are clumsy. (Dex -2) [potion of mutation]
  9886 | D:11     | Gained mutation: Your spells are a little harder to cast, but a little more powerful. [potion of mutation]
  9886 | D:11     | Gained mutation: Your magical capacity is low. (-10% MP) [potion of mutation]
  9886 | D:11     | Gained mutation: You are agile. (Dex +2) [potion of mutation]
 10031 | D:11     | Found an opulent altar of Gozag.
 10178 | D:11     | Noticed a two-headed ogre
 10191 | D:11     | Killed a two-headed ogre
 10609 | D:12     | Lost mutation: Your magical capacity is low. (-10% MP) [potion of mutation]
 10609 | D:12     | Lost mutation: Your spells are a little harder to cast, but a little more powerful. [potion of mutation]
 10609 | D:12     | Gained mutation: You are weak. (Str -2) [potion of mutation]
 10609 | D:12     | Gained mutation: You have a pair of small horns on your head. [potion of mutation]
 10610 | D:12     | Lost mutation: You are weak. (Str -2) [potion of mutation]
 10610 | D:12     | Lost mutation: You have a pair of small horns on your head. [potion of mutation]
 10610 | D:12     | Gained mutation: Your magical capacity is low. (-10% MP) [potion of mutation]
 10610 | D:12     | Gained mutation: You are dopey. (Int -2) [potion of mutation]
 10610 | D:12     | Gained mutation: You possess an exceptional clarity of mind. [potion of mutation]
 10671 | D:12     | Noticed test1's ghost (journeyman DEWz)
 10689 | D:12     | Killed test1's ghost
 10689 | D:12     | Reached skill level 14 in Shields
 10715 | D:12     | Noticed Rupert
 10720 | D:12     | Paralysed by Rupert for 7 turns
 10878 | Lair:1   | Entered Level 1 of the Lair of Beasts
 10920 | Lair:1   | Noticed an eight-headed hydra
 10924 | Lair:1   | Noticed a four-headed hydra
 10937 | Lair:1   | Killed an eight-headed hydra
 10937 | Lair:1   | Reached ****** piety under Okawaru
 10942 | Lair:1   | Killed a four-headed hydra
 10952 | Lair:1   | Received a gift from Okawaru
 11047 | Lair:1   | Got a dazzling eveningstar {god gift}
 11049 | Lair:1   | Identified the +1 eveningstar "Fekuhutt" {elec, rElec rC+} (Okawaru gifted it to you on level 1 of the Lair of Beasts)
 11140 | Lair:1   | Noticed Gastronok
 11154 | Lair:1   | Killed Gastronok
 11212 | Lair:1   | Noticed a fire dragon
 11246 | Lair:1   | Killed a fire dragon
 11246 | Lair:1   | Reached XP level 13. HP: 66/76 MP: 11/11
 11533 | Lair:1   | Reached skill level 15 in Shields
 12601 | Lair:2   | Found a staircase to the Swamp.
 12812 | Lair:3   | Found a stormy altar of Qazlal.
 12850 | Lair:3   | Reached skill level 1 in Invocations
 12882 | Lair:3   | Reached skill level 1 in Evocations
 12925 | Lair:3   | Received a gift from Okawaru
 13192 | D:4      | Bought a scroll of identify for 28 gold pieces
 13192 | D:4      | Bought the +5 scale mail of Ampeabla {Slay+2} for 621 gold pieces
 13192 | D:4      | Bought 2 scrolls of identify for 56 gold pieces
 13528 | D:12     | Found a staircase to the Orcish Mines.
 13626 | D:12     | Killed Rupert
 14142 | D:13     | Received a gift from Okawaru
 14342 | Orc:1    | Entered Level 1 of the Orcish Mines
 14390 | Orc:1    | Noticed Maurice
 14401 | Orc:1    | Killed Maurice
 14890 | Orc:2    | Entered Level 2 of the Orcish Mines
 14895 | Orc:2    | Found Helonirr's Antique Armour Boutique.
 14896 | Orc:2    | Noticed an orc warlord
 15098 | Orc:1    | Gained mutation: Your large and strong wings let you fly indefinitely. [Gargoyle growth]
 15098 | Orc:1    | Reached XP level 14. HP: 82/82 MP: 15/15
 15223 | Orc:2    | Reached skill level 16 in Shields
 15227 | Orc:2    | Found Hubrol's General Store.
 15292 | Orc:2    | Reached skill level 5 in Invocations
 15343 | Orc:2    | Noticed Donald
 15381 | Orc:1    | Killed Donald
 15381 | Orc:1    | Received a gift from Okawaru
 15463 | Orc:1    | Identified a +1 pair of boots of running (Okawaru gifted it to you on level 1 of the Orcish Mines)
 15622 | Orc:2    | Found Werergh's Antique Weapon Boutique.
 15974 | Orc:2    | Killed an orc warlord
 15974 | Orc:2    | Reached skill level 15 in Maces & Flails
 16099 | Orc:2    | Found a staircase to the Elven Halls.
 16149 | Orc:2    | Found Vudeizex's Book Boutique.
 17220 | Lair:4   | Found a hole to the Spider Nest.
 17689 | Lair:4   | Received a gift from Okawaru
 17775 | Lair:4   | Reached skill level 17 in Shields
 17775 | Lair:4   | Reached skill level 1 in Spellcasting
 17932 | Lair:4   | Got a slimy garnet amulet
 17933 | Lair:4   | Identified the amulet of Midig {Spirit rN+ MP-9 Int+3} (You found it on level 4 of the Lair of Beasts)
 18413 | Lair:5   | Reached XP level 15. HP: 79/86 MP: 7/18
 18515 | Lair:5   | Noticed Kirke
 18525 | Lair:5   | Killed Kirke
 18606 | Lair:5   | Found a viscous altar of Jiyva.
 18606 | Lair:5   | Found a staircase to the Slime Pits.
 18782 | Lair:5   | Received a gift from Okawaru
 19235 | Lair:6   | Entered Level 6 of the Lair of Beasts
 20324 | Lair:6   | Received a gift from Okawaru
 20498 | Lair:6   | Reached skill level 18 in Shields
 21182 | D:13     | Found a gate to the Vaults.
 21213 | D:13     | Reached XP level 16. HP: 67/96 MP: 7/19
 21509 | D:14     | Got a warped scale mail
 21530 | D:13     | Identified the cursed +1 scale mail "Topt" {+Fly rPois Int-4 SInv} (You took it off an orc on level 14 of the Dungeon)
 21720 | D:14     | Received a gift from Okawaru
 22152 | D:15     | Entered Level 15 of the Dungeon
 22267 | D:15     | Found a labyrinth entrance.
 22300 | D:15     | Reached skill level 10 in Fighting
 22357 | Lab      | Entered a labyrinth
 22823 | Lab      | Reached skill level 19 in Shields
 22828 | Lab      | Found the +3 pair of gauntlets of War {Slay+5}
 22828 | Lab      | Found the +3 sling "Punk" {acid, rCorr}
 22831 | Lab      | Got a steaming plate armour
 22832 | Lab      | Identified the cursed +1 plate armour of Midwinter {rPois rF- rN++ MR-} (You found it in a labyrinth)
 22844 | Lab      | Got a blackened chain mail
 22844 | Lab      | Got an encrusted chain mail
 22855 | Lab      | Identified the +5 chain mail "Dilithad" {*Slow rPois rCorr} (You found it in a labyrinth)
 22865 | Lab      | Identified the +5 chain mail of Hangman {rN+ MR+} (You found it in a labyrinth)
 22883 | D:15     | Gained mutation: You are weak. (Str -2) [mutagenic glow]
 23158 | D:15     | Found a staircase to the Depths.
 23565 | D:15     | Received a gift from Okawaru
 23573 | D:15     | Got a twisted scale mail {god gift}
 23584 | D:15     | Identified the +1 scale mail of the Bouncing Wonders {+Blink} (Okawaru gifted it to you on level 15 of the Dungeon)
 24358 | Swamp:1  | Entered Level 1 of the Swamp
 24358 | Swamp:1  | Noticed Aizul
 24621 | Swamp:1  | Reached skill level 5 in Dodging
 24661 | Swamp:1  | Killed Aizul
 25558 | Swamp:2  | Reached XP level 17. HP: 93/102 MP: 11/20
 25651 | Swamp:2  | Reached skill level 20 in Shields
 25825 | Swamp:2  | Received a gift from Okawaru
 25907 | Swamp:2  | Reached skill level 10 in Armour
 26321 | Swamp:2  | Noticed Roxanne
 26352 | Swamp:2  | Killed Roxanne
 26649 | Swamp:3  | Noticed Louise
 26656 | Swamp:3  | Noticed Nikola
 26662 | Swamp:3  | Killed Louise
 26843 | Swamp:3  | Killed Nikola
 27212 | Swamp:3  | Noticed Bai Suzhen
 27242 | Swamp:3  | Killed Bai Suzhen
 27717 | Swamp:4  | Entered Level 4 of the Swamp
 28335 | Swamp:4  | Reached skill level 5 in Evocations
 28364 | Swamp:4  | Reached skill level 21 in Shields
 28564 | Swamp:4  | Noticed the 27-headed Lernaean hydra
 28705 | Swamp:4  | Received a gift from Okawaru
 28709 | Swamp:4  | Got a pair of translucent boots {god gift}
 28710 | Swamp:4  | Identified the +0 pair of boots "Letra" {+Inv rF- rCorr Dex+5} (Okawaru gifted it to you on level 4 of the Swamp)
 28925 | Swamp:4  | Got a decaying rune of Zot
 28957 | Swamp:4  | Killed the 27-headed Lernaean hydra
 28957 | Swamp:4  | Reached XP level 18. HP: 79/110 MP: 2/21
 29275 | Spider:1 | Entered Level 1 of the Spider Nest
 29662 | Spider:1 | Noticed kajmaj's ghost (journeyman GrEE)
 29668 | Spider:1 | Killed kajmaj's ghost
 31123 | Spider:2 | Noticed Arachne
 31140 | Spider:2 | Killed Arachne
 31674 | Spider:3 | Noticed Azrael
 31682 | Spider:3 | Killed Azrael
 31683 | Spider:3 | Noticed Asterion
 31694 | Spider:3 | Killed Asterion
 31721 | Spider:3 | Received a gift from Okawaru
 32247 | Spider:4 | Entered Level 4 of the Spider Nest
 32707 | Spider:4 | Reached skill level 22 in Shields
 33313 | Spider:4 | Received a gift from Okawaru
 33340 | Spider:4 | Reached XP level 19. HP: 115/116 MP: 0/23
 33357 | Spider:4 | Got a gossamer rune of Zot
 33703 | Elf:1    | Entered Level 1 of the Elven Halls
 33703 | Elf:1    | Found Riygraf's Weapon Shoppe.
 33801 | Elf:1    | Found a flickering gateway to a bazaar.
 33820 | Bazaar   | Entered a bazaar
 33820 | Bazaar   | Found Hazin's Weapon Shoppe.
 33820 | Bazaar   | Found Tamethoj's Gadget Emporium.
 33822 | Bazaar   | Found Kuejeqee's Antique Armour Shoppe.
 33838 | Bazaar   | Found Buptov's Distillery.
 33846 | Bazaar   | Bought a potion of might for 72 gold pieces
 33846 | Bazaar   | Bought a potion of might for 72 gold pieces
 33846 | Bazaar   | Bought a potion of heal wounds for 90 gold pieces
 33846 | Bazaar   | Bought a potion of invisibility for 144 gold pieces
 33870 | Bazaar   | Bought a heavily runed scale mail for 126 gold pieces
 33870 | Bazaar   | Identified the +2 scale mail of the Ecumenical Temple {rCorr Str+3 Stlth+} (You bought it in a shop in a bazaar)
 33882 | Bazaar   | Bought a wand of digging (15) for 494 gold pieces
 33922 | Elf:1    | Identified the +3 scale mail of Ibadinum {Str+2 Dex+6 Stlth+} (You found it on level 1 of the Elven Halls)
 34038 | Elf:1    | Received a gift from Okawaru
 34965 | Elf:1    | Identified Gappuapa's Collected Works on Battle Magic and Summoning
 35286 | Elf:2    | Reached skill level 23 in Shields
 35582 | Elf:2    | Found a runed gate.
 35582 | Elf:2    | Found a runed gate.
 35583 | Elf:2    | Found a runed gate.
 36361 | Elf:2    | Received a gift from Okawaru
 36362 | Elf:2    | Noticed Jorgrun
 36369 | Elf:2    | Killed Jorgrun
 36782 | Elf:3    | Entered Level 3 of the Elven Halls
 36882 | Elf:3    | Found Xughiqij's Antique Armour Shop.
 36890 | Elf:3    | Bought a transparent plate armour for 840 gold pieces
 36890 | Elf:3    | Identified the cursed +0 plate armour "Elafuel" {rF+} (You bought it in a shop on level 3 of the Elven Halls)
 36948 | Elf:3    | Reached XP level 20. HP: 124/124 MP: 7/24
 36972 | Elf:3    | Received a gift from Okawaru
 37599 | Elf:3    | Reached skill level 24 in Shields
 37601 | Elf:3    | Got a crude lapis lazuli ring
 37743 | Elf:3    | Identified the ring "Mafir Tacea" {Str+3 Stlth+} (You took it off a deep elf archer on level 3 of the Elven Halls)
 37949 | Elf:3    | Got a transparent ring mail
 37960 | Elf:3    | Identified the cursed +1 ring mail "Nyisyuva" {rPois Int+6 Dex-4 Slay+3} (You found it on level 3 of the Elven Halls)
 38003 | Elf:3    | Identified Sif Muna's Disquisition on Quantum Black Rituals
 38112 | Elf:3    | Received a gift from Okawaru
 38141 | Elf:3    | Identified the ring of Ceam {Int+4 SInv} (You took it off a deep elf death mage on level 3 of the Elven Halls)
 38196 | Elf:3    | Got a coiled pewter ring
 38198 | Elf:3    | Identified the ring of Zulappik {rPois MP+9 Int-4 Dex+9 SInv} (You took it off a deep elf blademaster on level 3 of the Elven Halls)
 38201 | Elf:3    | Identified the +4 ring mail of the Moon Troll {Str-4 Int+6} (You took it off a deep elf blademaster on level 3 of the Elven Halls)
 38265 | Elf:3    | Cast into level 2 of the Abyss (deep elf death mage)
 38499 | Elf:3    | Escaped the Abyss
 38600 | Elf:3    | Got a slimy flail {vamp}
 38603 | Elf:3    | Identified the +9 flail of the Feather {vamp, +Inv rF+ Int+3 Dex-4} (You took it off a deep elf mage on level 3 of the Elven Halls)
 38754 | Elf:3    | Found the +8 lance "Wyrmbane" {slay drac, rPois rF+ rC+ AC+3}
 38756 | Elf:3    | Found the +4 Vampire's Tooth {vamp}
 38859 | Elf:3    | Found the +5 pair of quick blades "Gyre" and "Gimble" {pierce, Dex-3}
 38920 | Elf:3    | Got a smoking ring mail
 38931 | Elf:3    | Identified the +4 ring mail of Resourcefulness {rF+ Int+3 Dex+2} (You found it on level 3 of the Elven Halls)
 39726 | Slime:1  | Entered Level 1 of the Pits of Slime
 39749 | Slime:1  | Reached skill level 1 in Polearms
 40202 | Slime:1  | Gained mutation: You are very dopey. (Int -4) [a shining eye]
 40212 | Slime:1  | Gained mutation: You evolve. [a shining eye]
 40214 | Slime:1  | Gained mutation: Your body sometimes deteriorates upon taking damage. [a shining eye]
 40218 | Slime:1  | Gained mutation: Your body often deteriorates upon taking damage. [a shining eye]
 40348 | Slime:1  | Gained mutation: You have a beak for a mouth. [evolution]
 41629 | D:12     | Lost mutation: You are agile. (Dex +2) [potion of mutation]
 41629 | D:12     | Lost mutation: You are weak. (Str -2) [potion of mutation]
 41629 | D:12     | Lost mutation: You possess an exceptional clarity of mind. [potion of mutation]
 41629 | D:12     | Gained mutation: You are weak. (Str -2) [potion of mutation]
 41629 | D:12     | Gained mutation: Your flesh is cold resistant. (rC+) [potion of mutation]
 41881 | Swamp:4  | Lost mutation: You are very dopey. (Int -4) [potion of mutation]
 41881 | Swamp:4  | Lost mutation: Your body often deteriorates upon taking damage. [potion of mutation]
 41881 | Swamp:4  | Lost mutation: You are weak. (Str -2) [potion of mutation]
 41881 | Swamp:4  | Lost mutation: You are dopey. (Int -2) [potion of mutation]
 41881 | Swamp:4  | Gained mutation: You have sharp toenails. [potion of mutation]
 42190 | Slime:2  | Reached XP level 21. HP: 132/132 MP: 9/24
 42213 | Slime:2  | Received a gift from Okawaru
 42877 | Slime:3  | Reached skill level 5 in Polearms
 43502 | Slime:3  | Reached skill level 25 in Shields
 44489 | Slime:4  | Gained mutation: You occasionally shout uncontrollably at your foes. [a shining eye]
 45052 | Slime:5  | Entered Level 5 of the Pits of Slime
 45053 | Slime:5  | Noticed Eurus's ghost (adept DsFi)
 45077 | Slime:5  | Killed Eurus's ghost
 45123 | Slime:5  | Noticed the Royal Jelly
 45178 | Slime:5  | Lost mutation: Your body sometimes deteriorates upon taking damage. [a shining eye]
 45183 | Slime:5  | Gained mutation: Your magical capacity is very low. (-20% MP) [a shining eye]
 45187 | Slime:5  | Noticed Dickchan's ghost (veteran KoEn)
 45244 | Slime:5  | Killed Dickchan's ghost
 45384 | Slime:4  | Received a gift from Okawaru
 45880 | Slime:4  | Reached skill level 10 in Polearms
 45953 | Slime:5  | Found a viscous altar of Jiyva.
 46470 | Lair:5   | Fell from the grace of Okawaru
 46470 | Lair:5   | Became a worshipper of Jiyva Jaek the Shapeless
 47324 | Lair:4   | Reached * piety under Jiyva
 47336 | Lair:4   | Learned a level 6 spell: Iron Shot
 47346 | Lair:4   | Learned a level 9 spell: Shatter
 47569 | D:14     | Learned a level 4 spell: Petrify
 48041 | D:14     | Reached ** piety under Jiyva
 48359 | D:14     | Gained mutation: You are agile. (Dex +2) [evolution]
 48879 | Depths:1 | Entered Level 1 of the Depths
 49178 | Depths:1 | Reached *** piety under Jiyva
 49185 | Depths:1 | Reached XP level 22. HP: 111/137 MP: 23/23
 49200 | Depths:1 | Gained mutation: You are robust. (+10% HP) [Jiyva's grace]
 49888 | Depths:1 | Lost mutation: You have sharp toenails. [Jiyva's grace]
 49905 | Depths:1 | Reached **** piety under Jiyva
 49962 | Depths:1 | Gained mutation: Your translucent skin slightly reduces your foes' accuracy. (Stealth) [Jiyva's grace]
 50008 | Depths:1 | Found a gateway to Hell.
 50275 | Depths:1 | Reached ***** piety under Jiyva
 50643 | Depths:2 | Gained mutation: You possess an exceptional clarity of mind. [Jiyva's grace]
 50859 | Depths:2 | Found the +4 arc blade {discharge, rElec}
 50878 | Depths:2 | Lost mutation: Your translucent skin slightly reduces your foes' accuracy. (Stealth) [Jiyva's grace]
 51246 | Depths:3 | Noticed a caustic shrike
 51260 | Depths:3 | Noticed a caustic shrike
 51261 | Depths:3 | Lost mutation: You possess an exceptional clarity of mind. [Jiyva's grace]
 51268 | Depths:3 | Noticed a caustic shrike
 51269 | Depths:3 | Noticed a caustic shrike
 51322 | Depths:2 | Killed a caustic shrike
 51335 | Depths:2 | Killed a caustic shrike
 51879 | Depths:2 | Lost mutation: Your magical capacity is very low. (-20% MP) [Jiyva's power]
 51988 | Depths:3 | Noticed a caustic shrike
 52016 | Depths:2 | Killed a caustic shrike
 52028 | Depths:3 | Noticed a caustic shrike
 52031 | Depths:3 | Noticed a caustic shrike
 52036 | Depths:3 | Killed a caustic shrike
 52066 | Depths:2 | Killed a caustic shrike
 52082 | Depths:2 | Killed a caustic shrike
 52382 | Depths:3 | Killed a caustic shrike
 52391 | Depths:3 | Lost mutation: Your flesh is cold resistant. (rC+) [Jiyva's grace]
 52472 | Depths:3 | Reached skill level 15 in Polearms
 52508 | Depths:3 | Gained mutation: You have a pair of small horns on your head. [Jiyva's grace]
 52569 | Depths:3 | Lost mutation: You occasionally shout uncontrollably at your foes. [Jiyva's power]
 52626 | Depths:3 | Gained mutation: You are covered in slimy tendrils that may disarm your opponents. [Jiyva's grace]
 52663 | Depths:3 | Reached XP level 23. HP: 144/156 MP: 23/26
 52772 | Depths:3 | Found a one-way gate leading to the halls of Pandemonium.
 53026 | Depths:3 | Gained mutation: You have a small jelly attached to you that senses nearby items. [Jiyva's grace]
 53082 | Depths:3 | You fall through a shaft!
 53084 | Depths:4 | Lost mutation: Your magical capacity is low. (-10% MP) [Jiyva's power]
 53151 | Depths:4 | Noticed Jory
 53207 | Depths:4 | Killed Jory
 53218 | Depths:4 | Gained mutation: You have a small jelly attached to you that may absorb incoming projectiles. [Jiyva's grace]
 53227 | Depths:4 | Reached ****** piety under Jiyva
 53230 | Depths:4 | Gained mutation: You have sharp fingernails. [Jiyva's grace]
 53254 | Depths:4 | Noticed a juggernaut
 53271 | Depths:4 | Killed a juggernaut
 53324 | Depths:4 | Noticed a juggernaut
 53353 | Depths:4 | Killed a juggernaut
 53476 | Depths:4 | Learned a level 3 spell: Regeneration
 53633 | Depths:4 | Got a clouded bronze ring
 53671 | Depths:4 | Was forgiven by Okawaru
 53778 | Depths:4 | Reached skill level 1 in Earth Magic
 53808 | Depths:4 | Found Goh Usm's Weapon Shop.
 53844 | Depths:4 | Noticed a golden dragon
 53857 | Depths:4 | Killed a golden dragon
 53885 | Depths:4 | Found a one-way gate to the infinite horrors of the Abyss.
 54130 | Depths:4 | Found a gateway to a ziggurat.
 54181 | Depths:4 | Lost mutation: You are covered in slimy tendrils that may disarm your opponents. [Jiyva's grace]
 54256 | Depths:4 | Gained mutation: You are very agile. (Dex +4) [Jiyva's grace]
 54358 | Depths:4 | Lost mutation: You have a pair of small horns on your head. [Jiyva's grace]
 54433 | Depths:5 | Entered Level 5 of the Depths
 54510 | Depths:5 | Gained mutation: Your mind is acute. (Int +2) [Jiyva's grace]
 54581 | Depths:5 | Gained mutation: Your translucent skin slightly reduces your foes' accuracy. (Stealth) [Jiyva's grace]
 54621 | Depths:5 | Noticed a golden dragon
 54621 | Depths:5 | an iron troll changed into a golden dragon
 54623 | Depths:5 | a golden dragon changed into an iron giant
 54837 | Depths:5 | Noticed a golden dragon
 54839 | Depths:5 | Found a gate to the Realm of Zot.
 54839 | Depths:5 | Noticed a golden dragon
 54876 | Depths:5 | Reached XP level 24. HP: 149/162 MP: 29/29
 54910 | Depths:5 | Reached skill level 5 in Earth Magic
 54953 | Depths:5 | Identified the ring of Tender Moments {Wiz Dex+2} (You took it off a rakshasa on level 4 of the Depths)
 55084 | Depths:5 | Reached skill level 10 in Dodging
 55332 | Depths:5 | Lost mutation: You evolve. [Jiyva's grace]
 55344 | Depths:5 | Gained mutation: Your mind is very acute. (Int +4) [Jiyva's grace]
 55452 | Depths:5 | Gained mutation: You have a pair of small horns on your head. [Jiyva's grace]
 55828 | Depths:5 | Lost mutation: You are very agile. (Dex +4) [Jiyva's grace]
 55938 | Depths:4 | Voluntarily entered the Abyss.
 56273 | Abyss:1  | Reached skill level 15 in Armour
 56393 | Abyss:1  | Gained mutation: Your spells are a little easier to cast, but a little less powerful. [a neqoxec]
 56401 | Abyss:1  | Lost mutation: You are agile. (Dex +2) [a neqoxec]
 56640 | Abyss:4  | Found a corrupted altar of Lugonu.
 56697 | Abyss:4  | Lost mutation: Your spells are much easier to cast, but much less powerful. [Jiyva's power]
 56749 | Abyss:4  | Paralysed by accursed screaming for 1 turns
 56761 | Abyss:4  | Paralysed by accursed screaming for 2 turns
 56790 | Abyss:4  | Paralysed by accursed screaming for 2 turns
 56813 | Abyss:4  | Lost mutation: Your mind is very acute. (Int +4) [Jiyva's grace]
 56951 | Abyss:5  | Entered Level 5 of the Abyss
 56954 | Abyss:5  | Found a corrupted altar of Lugonu.
 56968 | Abyss:5  | Identified the +4 scythe of the Hidden Ghosts {venom, SInv} (You found it on level 5 of the Abyss)
 57026 | Abyss:5  | Reached skill level 10 in Evocations
 57185 | Abyss:5  | Gained mutation: You are covered in slimy tendrils that may disarm your opponents. [Jiyva's grace]
 57190 | Abyss:5  | Reached XP level 25. HP: 142/167 MP: 30/30
 57257 | Abyss:5  | Paralysed by accursed screaming for 1 turns
 57368 | Abyss:5  | Gained mutation: Armour fits poorly on your strangely shaped body. [a cacodemon]
 57378 | Abyss:5  | Gained mutation: Your body sometimes deteriorates upon taking damage. [a cacodemon]
 57495 | Abyss:5  | Paralysed by accursed screaming for 1 turns
 57524 | Abyss:5  | Paralysed by accursed screaming for 1 turns
 57558 | Abyss:5  | Lost mutation: Your body sometimes deteriorates upon taking damage. [Jiyva's power]
 57592 | Abyss:5  | Reached skill level 15 in Fighting
 57908 | Abyss:5  | Paralysed by accursed screaming for 2 turns
 57911 | Depths:4 | Escaped the Abyss
 57914 | Depths:4 | HP: 4/124 [starcursed mass/accursed screaming (3)]
 58423 | Depths:4 | Lost mutation: Armour fits poorly on your strangely shaped body. [Jiyva's power]
 58554 | Vaults:1 | Entered Level 1 of the Vaults
 58612 | Vaults:1 | Lost mutation: You have a small jelly attached to you that senses nearby items. [Jiyva's grace]
 58685 | Vaults:1 | Gained mutation: You are partially covered in rugged brown scales. (AC +1, +3% HP) [Jiyva's grace]
 58922 | Vaults:1 | Lost mutation: Your mind is acute. (Int +2) [Jiyva's grace]
 59013 | Vaults:1 | Gained mutation: You are weak. (Str -2) [Jiyva's grace]
 59500 | Vaults:1 | Gained mutation: You are covered in fur. (AC +1) [Jiyva's grace]
 59531 | Vaults:1 | Lost mutation: You are weak. (Str -2) [Jiyva's power]
 59699 | Vaults:1 | Gained mutation: Your rubbery body absorbs attacks. (AC +1, EV +1) [Jiyva's grace]
 59729 | Vaults:1 | Found Daclih Vaew's Antique Weapon Boutique.
 59738 | Vaults:1 | Bought a shimmering trident for 306 gold pieces
 59738 | Vaults:1 | Identified the +4 trident of the Beast {flame, *Contam rPois Int+3} (You bought it in a shop on level 1 of the Vaults)
 59758 | Vaults:1 | Lost mutation: Your translucent skin slightly reduces your foes' accuracy. (Stealth) [Jiyva's grace]
 59955 | Vaults:2 | Lost mutation: You have a pair of small horns on your head. [Jiyva's grace]
 60510 | Vaults:2 | Found a staircase to the Crypt.
 60510 | Vaults:2 | Found an ancient bone altar of Kikubaaqudgha.
 60511 | Vaults:2 | Found a basalt altar of Yredelemnul.
 60517 | Vaults:2 | Reached XP level 26. HP: 169/186 MP: 27/30
 60652 | Vaults:2 | Gained mutation: You are agile. (Dex +2) [Jiyva's grace]
 60761 | Vaults:2 | Noticed Margery
 60793 | Vaults:2 | Killed Margery
 60818 | Vaults:2 | Lost mutation: Your rubbery body absorbs attacks. (AC +1, EV +1) [Jiyva's grace]
 60870 | Vaults:2 | Gained mutation: You have acidic saliva. [Jiyva's grace]
 60912 | Vaults:2 | Lost mutation: You have a small jelly attached to you that may absorb incoming projectiles. [Jiyva's grace]
 60937 | Vaults:2 | Gained mutation: You are partially covered in thin metallic scales. (AC +2) [Jiyva's grace]
 60938 | Vaults:2 | Lost mutation: You have sharp fingernails. [Jiyva's grace]
 60941 | Vaults:2 | Lost mutation: You are robust. (+10% HP) [Jiyva's grace]
 61164 | Vaults:2 | Lost mutation: You are covered in fur. (AC +1) [Jiyva's grace]
 61179 | Vaults:2 | Lost mutation: You are partially covered in thin metallic scales. (AC +2) [Jiyva's grace]
 61189 | Vaults:2 | Gained mutation: Your flesh is heat resistant. (rF+) [Jiyva's grace]
 61321 | Vaults:2 | Gained mutation: Your rubbery body absorbs attacks. (AC +1, EV +1) [Jiyva's grace]
 61343 | Vaults:2 | Got a crude scale mail
 61354 | Vaults:2 | Identified the +2 scale mail of Philately {rElec rN+} (You found it on level 2 of the Vaults)
 61412 | Vaults:3 | Noticed Mennas
 61448 | Vaults:3 | Killed Mennas
 61665 | Vaults:3 | Gained mutation: Your pliable body absorbs attacks. (AC +2, EV +2) [Jiyva's grace]
 61672 | Vaults:3 | Lost mutation: You are partially covered in rugged brown scales. (AC +1, +3% HP) [Jiyva's grace]
 61678 | Vaults:3 | Gained mutation: You are surrounded by a mild repulsion field. (EV +2) [Jiyva's grace]
 61757 | Vaults:3 | Lost mutation: You are agile. (Dex +2) [Jiyva's grace]
 61875 | Vaults:3 | Gained mutation: Your body has grown golden eyes which may confuse attackers. (Acc +3) [Jiyva's grace]
 61941 | Vaults:3 | Found Sonun's Armour Shop.
 61949 | Vaults:3 | Bought the +3 hat of Pondering {ponderous, MR+ MP+10 Int+5} for 762 gold pieces
 61949 | Vaults:3 | Found the +3 hat of Pondering {ponderous, MR+ MP+10 Int+5}
 61989 | Vaults:3 | Gained mutation: You have sharp toenails. [Jiyva's grace]
 61998 | Vaults:3 | Lost mutation: Your pliable body absorbs attacks. (AC +2, EV +2) [Jiyva's grace]
 62090 | Vaults:3 | Gained mutation: You have a pair of small horns on your head. [Jiyva's grace]
 62613 | Vaults:3 | Gained mutation: Your body has grown many golden eyes which may confuse attackers. (Acc +5) [Jiyva's grace]
 62648 | Vaults:3 | Gained mutation: Your spells are a little harder to cast, but a little more powerful. [Jiyva's grace]
 62657 | Vaults:3 | Gained mutation: Your natural rate of healing is unusually fast. [Jiyva's grace]
 62934 | Vaults:4 | Found a bloodstained altar of Trog.
 62993 | Vaults:4 | Noticed Sojobo
 63008 | Vaults:4 | Gained mutation: You are robust. (+10% HP) [Jiyva's grace]
 63011 | Vaults:4 | Killed Sojobo
 63030 | Vaults:4 | Gained mutation: Your magical capacity is low. (-10% MP) [Jiyva's grace]
 63037 | Vaults:4 | Lost mutation: You have sharp toenails. [Jiyva's grace]
 63040 | Vaults:4 | Lost mutation: Your magical capacity is low. (-10% MP) [Jiyva's power]
 63122 | Vaults:4 | Gained mutation: You are partially covered in large bone plates. (SH +4) [Jiyva's grace]
 63172 | Vaults:4 | Found a portal to a secret trove of treasure.
 63179 | Vaults:4 | Gained mutation: You have a small jelly attached to you that may absorb incoming projectiles. [Jiyva's grace]
 63304 | Vaults:4 | Lost mutation: Your rubbery body absorbs attacks. (AC +1, EV +1) [Jiyva's grace]
 63507 | Vaults:4 | Lost mutation: Your body has grown many golden eyes which may confuse attackers. (Acc +5) [Jiyva's grace]
 63520 | Vaults:4 | Reached XP level 27. HP: 194/194 MP: 30/30
 63520 | Vaults:4 | Lost mutation: You are covered in slimy tendrils that may disarm your opponents. [Jiyva's grace]
 63744 | Vaults:4 | Lost mutation: You have a pair of small horns on your head. [Jiyva's grace]
 63879 | Vaults:5 | Entered Level 5 of the Vaults
 63903 | Vaults:4 | Lost mutation: Your spells are a little harder to cast, but a little more powerful. [Jiyva's grace]
 63949 | Vaults:5 | Noticed Henning's ghost (veteran MiFi)
 64023 | Vaults:5 | Noticed Lokiki's ghost (adept MiFi)
 64057 | Vaults:5 | Noticed an ancient lich
 64086 | Vaults:5 | Killed an ancient lich
 64124 | Vaults:5 | Gained mutation: You have a small jelly attached to you that senses nearby items. [Jiyva's grace]
 64168 | Vaults:5 | Noticed Saint Roka
 64210 | Vaults:4 | Gained mutation: Your rubbery body absorbs attacks. (AC +1, EV +1) [Jiyva's grace]
 64399 | Vaults:5 | Killed Saint Roka
 64449 | Vaults:5 | Lost mutation: Your rubbery body absorbs attacks. (AC +1, EV +1) [Jiyva's grace]
 64465 | Vaults:5 | Lost mutation: Your natural rate of healing is unusually fast. [Jiyva's grace]
 64476 | Vaults:5 | Killed Henning's ghost
 64480 | Vaults:5 | Got a crude bronze ring
 64482 | Vaults:5 | Lost mutation: You are surrounded by a mild repulsion field. (EV +2) [Jiyva's grace]
 64486 | Vaults:5 | Lost mutation: You are robust. (+10% HP) [Jiyva's grace]
 64492 | Vaults:5 | Lost mutation: Your flesh is heat resistant. (rF+) [Jiyva's grace]
 64494 | Vaults:5 | Lost mutation: You have acidic saliva. [Jiyva's grace]
 64499 | Vaults:5 | Lost mutation: You have a small jelly attached to you that senses nearby items. [Jiyva's grace]
 64507 | Vaults:5 | Gained mutation: Your flesh is cold resistant. (rC+) [Jiyva's grace]
 64509 | Vaults:5 | Gained mutation: Armour fits poorly on your pseudopods. [Jiyva's grace]
 64518 | Vaults:5 | Gained mutation: You occasionally shout uncontrollably at your foes. [Jiyva's grace]
 64524 | Vaults:5 | Got a silver rune of Zot
 64527 | Vaults:5 | Identified the ring "Quepnuykk" {*Tele MR+ Str+4 Stlth+} (You took it off a deep elf mage on level 5 of the Vaults)
 64540 | Vaults:5 | Lost mutation: Your flesh is cold resistant. (rC+) [Jiyva's grace]
 64561 | Vaults:5 | Gained mutation: You are covered in slimy tendrils that may disarm your opponents. [Jiyva's grace]
 64598 | Vaults:5 | Got a jewelled spear
 64599 | Vaults:5 | Identified the +8 spear of the Manifold Curses {holy, rF- Str+4 Int+3} (You found it on level 5 of the Vaults)
 64599 | Vaults:5 | Lost mutation: Armour fits poorly on your pseudopods. [Jiyva's grace]
 64828 | Vaults:5 | Killed Lokiki's ghost
 64834 | Vaults:5 | Lost mutation: You are partially covered in large bone plates. (SH +4) [Jiyva's grace]
 64845 | Vaults:5 | Identified a +2 pair of boots of running (You found it on level 5 of the Vaults)
 64915 | Vaults:5 | Identified the cursed +1 plate armour of Makhleb's Supremacy {rCorr Str-5 Int-3 Dex+8} (You found it on level 5 of the Vaults)
 64919 | Vaults:5 | Identified the Reference Book on Bewitchment
 64920 | Vaults:5 | Lost mutation: You occasionally shout uncontrollably at your foes. [Jiyva's grace]
 65060 | Vaults:5 | Lost mutation: Your body has grown golden eyes which may confuse attackers. (Acc +3) [Jiyva's grace]
 65146 | Vaults:5 | Identified the amulet "Idevuff" {+Fly rElec Regen+ Str+3 Dex+3} (You found it on level 5 of the Vaults)
 65200 | Vaults:5 | Gained mutation: You have acidic saliva. [Jiyva's grace]
 65907 | Slime:5  | Identified the +7 mace of Righteous Fury {pain, +Fly rF- rN+ Dex+3} (You found it on level 5 of the Pits of Slime)
 65911 | Slime:5  | Got a slimy rune of Zot
 65925 | Slime:5  | Got a scintillating pewter ring
 65926 | Slime:5  | Identified the ring "Zielarph" {rF+ rN+++ Str+2 Dex-3 Slay+2} (You found it on level 5 of the Pits of Slime)
 65979 | Slime:5  | Learned a level 8 spell: Controlled Blink
 65982 | Slime:5  | Identified Lom Lobon's Tome of Displacement
 65986 | Slime:5  | Got a transparent pewter ring
 65988 | Slime:5  | Identified the ring "Jefoc" {+Blink rElec rN+ Str+3 Stlth+} (You found it on level 5 of the Pits of Slime)
 65996 | Slime:5  | Identified the +1 pair of boots "Semmavu" {rElec rPois Stlth+} (You found it on level 5 of the Pits of Slime)
 66015 | Slime:5  | Identified the Reference Book on Helpful Feathers
 66097 | Slime:5  | Gained mutation: You passively map a small area around you. [Jiyva's grace]
 66120 | Slime:5  | Gained mutation: You have sharp toenails. [Jiyva's grace]
 66145 | Slime:5  | Gained mutation: You have a somewhat thin skeletal structure. (Dex +2, Stealth) [Jiyva's grace]
 66156 | Slime:5  | Gained mutation: You have a pair of small horns on your head. [Jiyva's grace]
 66495 | D:4      | Bought a scroll of teleportation for 42 gold pieces
 66851 | Crypt:1  | Entered Level 1 of the Crypt
 67245 | Crypt:1  | Lost mutation: You have acidic saliva. [Jiyva's grace]
 67247 | Crypt:1  | Noticed an ancient lich
 67268 | Crypt:1  | Killed an ancient lich
 67290 | Crypt:1  | Got a clouded crystal amulet
 67292 | Crypt:1  | Identified the amulet "Lawec" {Reflect rPois rF+ rC+ Dex-3 SH+2} (You found it on level 1 of the Crypt)
 67792 | Crypt:2  | Noticed Boris
 67807 | Crypt:2  | Killed Boris
 67920 | Crypt:2  | Got a shimmering ring mail
 67931 | Crypt:2  | Identified the +5 ring mail of the Slorg {rPois rC+ Dex+2} (You found it on level 2 of the Crypt)
 68093 | Crypt:3  | Entered Level 3 of the Crypt
 68538 | Crypt:3  | Lost mutation: You have a pair of small horns on your head. [Jiyva's grace]
 68591 | Crypt:3  | Found a basalt altar of Yredelemnul.
 68592 | Crypt:3  | Found an ancient bone altar of Kikubaaqudgha.
 68606 | Crypt:3  | Reached skill level 15 in Dodging
 68717 | Crypt:3  | Got a dazzling war axe
 68718 | Crypt:3  | Identified the +7 war axe "Hounne" {flame, rC++ rN+} (You found it on level 3 of the Crypt)
 68969 | Crypt:3  | Lost mutation: You have sharp toenails. [Jiyva's grace]
 68985 | Crypt:3  | Found a staircase to the Tomb.
 69052 | Crypt:3  | Noticed Mara
 69054 | Crypt:3  | Noticed Mesmodan's illusion
 69065 | Crypt:3  | Killed Mara
 69080 | Crypt:3  | Found a runed gate.
 69080 | Crypt:3  | Found a runed gate.
 69080 | Crypt:3  | Found a runed gate.
 69161 | Crypt:3  | Got a heavily runed shield
 69172 | Crypt:3  | Identified the -3 shield "Lelaed" {*Drain rN+ MR+++ Slay-2} (You found it on level 3 of the Crypt)
 69657 | Depths:4 | Voluntarily entered the Abyss.
 69959 | Abyss:1  | Lost mutation: You passively map a small area around you. [Jiyva's grace]
 70029 | Abyss:2  | Reached skill level 26 in Shields
 70151 | Abyss:3  | Lost mutation: You have a small jelly attached to you that may absorb incoming projectiles. [you]
 70452 | Abyss:3  | Found a corrupted altar of Lugonu.
 70690 | Abyss:4  | Reached skill level 1 in Hexes
 70882 | Abyss:4  | Paralysed by accursed screaming for 1 turns
 70984 | Abyss:4  | Reached skill level 5 in Hexes
 71156 | Abyss:4  | Gained mutation: You can translocate small distances at will. [Jiyva's grace]
 71324 | Abyss:4  | Gained mutation: You are dopey. (Int -2) [a neqoxec]
 71421 | Abyss:4  | Paralysed by accursed screaming for 2 turns
 71437 | Abyss:4  | Paralysed by accursed screaming for 2 turns
 71440 | Abyss:4  | Paralysed by accursed screaming for 2 turns
 71443 | Abyss:4  | Paralysed by accursed screaming for 2 turns
 71462 | Abyss:4  | Paralysed by accursed screaming for 1 turns
 72206 | Abyss:4  | Reached skill level 10 in Hexes
 72316 | Abyss:4  | Gained mutation: You expend magic power (3 MP) to strengthen your wands. [a neqoxec]
 72318 | Abyss:4  | Lost mutation: You are dopey. (Int -2) [Jiyva's power]
 72565 | Depths:4 | Escaped the Abyss
 72671 | Depths:4 | Voluntarily entered the Abyss.
 72746 | Depths:4 | Escaped the Abyss
 72894 | Depths:4 | Voluntarily entered the Abyss.
 72947 | Abyss:1  | Found a deep blue altar of Sif Muna.
 73027 | Abyss:1  | Reached skill level 27 in Shields
 73145 | Abyss:1  | Found a deep blue altar of Sif Muna.
 73188 | Abyss:2  | Found a corrupted altar of Lugonu.
 73305 | Abyss:2  | Gained mutation: Your translucent skin slightly reduces your foes' accuracy. (Stealth) [Jiyva's grace]
 73446 | Abyss:2  | Found a bloodstained altar of Trog.
 73772 | Abyss:3  | Found a corrupted altar of Lugonu.
 73969 | Abyss:3  | Got an abyssal rune of Zot
 74422 | Depths:4 | Escaped the Abyss
 74426 | Depths:4 | Voluntarily entered the Abyss.
 74443 | Abyss:1  | Paralysed by accursed screaming for 1 turns
 74456 | Abyss:1  | Paralysed by accursed screaming for 2 turns
 74468 | Abyss:1  | Paralysed by accursed screaming for 1 turns
 74478 | Abyss:1  | Gained mutation: Your body sometimes deteriorates upon taking damage. [a cacodemon]
 74551 | Abyss:1  | Gained mutation: You are dopey. (Int -2) [a neqoxec]
 74829 | Abyss:1  | Lost mutation: You are very dopey. (Int -4) [Jiyva's power]
 74852 | Abyss:1  | Gained mutation: Your translucent skin reduces your foes' accuracy. (Stealth) [Jiyva's grace]
 74854 | Abyss:1  | Lost mutation: Your body often deteriorates upon taking damage. [Jiyva's power]
 75177 | Abyss:2  | Found a bloodstained altar of Trog.
 75433 | Abyss:2  | Identified the +0 scale mail "Putadui" {rF- rC+ Dex+10} (You found it on level 2 of the Abyss)
 75526 | Abyss:2  | Gained mutation: You are clumsy. (Dex -2) [Jiyva's grace]
 76006 | Abyss:3  | Gained mutation: Your mind is acute. (Int +2) [a neqoxec]
 76016 | Abyss:3  | Gained mutation: You are frail. (-10% HP) [a neqoxec]
 76074 | Depths:4 | Escaped the Abyss
 76177 | Depths:4 | Lost mutation: You are clumsy. (Dex -2) [Jiyva's power]
 76777 | Vaults:1 | Gained mutation: Your flesh is cold resistant. (rC+) [Jiyva's grace]
 76959 | Lair:1   | Gained mutation: You have sharp toenails. [Jiyva's grace]
 77127 | Swamp:4  | Learned a level 1 spell: Corona
 77131 | Swamp:4  | Learned a level 3 spell: Confuse
 77135 | Swamp:4  | Learned a level 3 spell: Dazzling Spray
 77423 | Vaults:1 | Lost mutation: Your translucent skin reduces your foes' accuracy. (Stealth) [Jiyva's grace]
 77463 | Vaults:1 | Gained mutation: You are partially covered in thin metallic scales. (AC +2) [Jiyva's grace]
 77607 | Tomb:1   | Entered Level 1 of the Tomb of the Ancients
 77617 | Tomb:1   | Lost mutation: You are frail. (-10% HP) [Jiyva's power]
 77789 | Tomb:1   | Reached skill level 1 in Conjurations
 77797 | Tomb:1   | Noticed a greater mummy
 77826 | Tomb:1   | Killed a greater mummy
 77830 | Tomb:1   | Noticed a greater mummy
 78063 | Tomb:1   | Noticed a greater mummy
 78063 | Tomb:1   | Noticed a greater mummy
 78063 | Tomb:1   | Noticed a greater mummy
 78067 | Tomb:1   | Noticed a greater mummy
 78073 | Tomb:1   | Noticed a greater mummy
 78076 | Tomb:1   | Killed a greater mummy
 78287 | Tomb:1   | Gained mutation: You occasionally shout uncontrollably at your foes. [mutagenic glow]
 78291 | Tomb:1   | Lost mutation: You expend magic power (3 MP) to strengthen your wands. [Jiyva's power]
 78331 | Tomb:1   | Gained mutation: You are frail. (-10% HP) [mutagenic glow]
 78464 | Tomb:1   | Killed a greater mummy
 78794 | Tomb:1   | Noticed a greater mummy
 78799 | Tomb:1   | Noticed a greater mummy
 78807 | Tomb:1   | Noticed a greater mummy
 78807 | Tomb:1   | Killed a greater mummy
 78824 | Tomb:1   | Killed a greater mummy
 78832 | Tomb:1   | Noticed a greater mummy
 78832 | Tomb:1   | Noticed a greater mummy
 78832 | Tomb:1   | Noticed a greater mummy
 79008 | Tomb:2   | Noticed a greater mummy
 79009 | Tomb:2   | Noticed a greater mummy
 79022 | Tomb:2   | Noticed a greater mummy
 79024 | Tomb:2   | Noticed a greater mummy
 79025 | Tomb:2   | Killed a greater mummy
 79038 | Tomb:2   | Slimified a greater mummy
 79038 | Tomb:2   | a greater mummy changed into a death ooze
 79115 | Tomb:2   | Killed a greater mummy
 79123 | Tomb:2   | Reached skill level 5 in Conjurations
 79129 | Tomb:2   | Gained mutation: You have acidic saliva. [Jiyva's grace]
 79348 | Tomb:2   | Killed a greater mummy
 79434 | Tomb:2   | Lost mutation: You have acidic saliva. [Jiyva's grace]
 79692 | Tomb:1   | Killed a greater mummy
 79708 | Tomb:1   | Killed a greater mummy
 79756 | Tomb:1   | Killed a greater mummy
 79769 | Tomb:1   | Killed a greater mummy
 79869 | Tomb:1   | Noticed a greater mummy
 79878 | Tomb:1   | Noticed a greater mummy
 79886 | Tomb:1   | Killed a greater mummy
 79898 | Tomb:1   | Killed a greater mummy
 79945 | Tomb:1   | Lost mutation: You occasionally shout uncontrollably at your foes. [Jiyva's power]
 79974 | Tomb:1   | Noticed a greater mummy
 79997 | Tomb:1   | Killed a greater mummy
 80004 | Tomb:1   | Noticed a greater mummy
 80009 | Tomb:1   | Noticed a greater mummy
 80021 | Tomb:1   | Killed a greater mummy
 80037 | Tomb:1   | Killed a greater mummy
 80211 | Tomb:1   | Noticed a greater mummy
 80213 | Tomb:1   | Noticed a greater mummy
 80343 | Tomb:1   | Killed a greater mummy
 80482 | Tomb:1   | Noticed a greater mummy
 80492 | Tomb:1   | Killed a greater mummy
 80508 | Tomb:1   | Killed a greater mummy
 80638 | Tomb:1   | Noticed a greater mummy
 80654 | Tomb:1   | Killed a greater mummy
 80671 | Tomb:1   | Killed a greater mummy
 80748 | Tomb:1   | Noticed a greater mummy
 80763 | Tomb:1   | Noticed a greater mummy
 80766 | Tomb:1   | Killed a greater mummy
 80782 | Tomb:1   | Killed a greater mummy
 80911 | Tomb:1   | Noticed a greater mummy
 80936 | Tomb:1   | Killed a greater mummy
 81046 | Tomb:1   | Killed a greater mummy
 81193 | Tomb:1   | Killed a greater mummy
 81216 | Tomb:1   | Killed a greater mummy
 81460 | Tomb:3   | Entered Level 3 of the Tomb of the Ancients
 81737 | Tomb:3   | Noticed a greater mummy
 81740 | Tomb:3   | Noticed a greater mummy
 81742 | Tomb:3   | Noticed a greater mummy
 81748 | Tomb:3   | Found the +2 Maxwell's thermic engine {flame, freeze, rF- rC-}
 81971 | Tomb:3   | Noticed an ancient lich
 81972 | Tomb:3   | Noticed a greater mummy
 81972 | Tomb:3   | Noticed a greater mummy
 81973 | Tomb:3   | Noticed an ancient lich
 81974 | Tomb:3   | Noticed a greater mummy
 81975 | Tomb:3   | Noticed an ancient lich
 82302 | Tomb:3   | Killed an ancient lich
 82335 | Tomb:3   | Killed an ancient lich
 82349 | Tomb:2   | Killed a greater mummy
 82358 | Tomb:2   | Killed an ancient lich
 82561 | Tomb:3   | Gained mutation: You have acidic saliva. [Jiyva's grace]
 82575 | Tomb:3   | Gained mutation: Your body sometimes deteriorates upon taking damage. [Jiyva's grace]
 82577 | Tomb:3   | Killed a greater mummy
 82583 | Tomb:3   | Lost mutation: Your mind is acute. (Int +2) [Jiyva's grace]
 82587 | Tomb:3   | Gained mutation: Your body has grown golden eyes which may confuse attackers. (Acc +3) [Jiyva's grace]
 82590 | Tomb:3   | Identified the +8 chain mail of the Illusory Deaths {+Inv rPois Int+2} (You found it on level 3 of the Tomb of the Ancients)
 82592 | Tomb:3   | Gained mutation: Your flesh is heat resistant. (rF+) [Jiyva's grace]
 82620 | Tomb:3   | Slimified a greater mummy
 82620 | Tomb:3   | a greater mummy changed into a death ooze
 82628 | Tomb:3   | Killed a greater mummy
 82680 | Lair:6   | Gained mutation: You passively map a small area around you. [Jiyva's grace]
 82738 | Tomb:3   | Killed a greater mummy
 82755 | Tomb:3   | Killed a greater mummy
 82933 | Tomb:3   | Got a brightly glowing pewter amulet
 82934 | Tomb:3   | Identified the amulet "Keer" {Spirit MR+ Str-4 Dex+8} (You found it on level 3 of the Tomb of the Ancients)
 82945 | Tomb:3   | Identified the cursed +0 robe "Hofuasuw" {Dex+3} (You found it on level 3 of the Tomb of the Ancients)
 83023 | Tomb:3   | Got a golden rune of Zot
 83027 | Tomb:3   | Lost mutation: You are frail. (-10% HP) [Jiyva's power]
 83620 | Elf:2    | Learned a level 5 spell: Silence
 83807 | Pan      | Entered Pandemonium
 83860 | Pan      | Reached skill level 1 in Air Magic
 84146 | Pan      | Lost mutation: Your body often deteriorates upon taking damage. [Jiyva's power]
 84230 | Pan      | Noticed Inyb the pandemonium lord
 84274 | Pan      | Killed Inyb the pandemonium lord
 84473 | Pan      | Gained mutation: You are robust. (+10% HP) [Jiyva's grace]
 84568 | Pan      | Reached skill level 5 in Air Magic
 84592 | Pan      | Noticed Qoph the pandemonium lord
 84612 | Pan      | Killed Qoph the pandemonium lord
 84727 | Pan      | Lost mutation: You have a beak for a mouth. [Jiyva's grace]
 85246 | Pan      | Lost mutation: You are partially covered in thin metallic scales. (AC +2) [Jiyva's grace]
 85786 | Pan      | Gained mutation: Scrolls take you a little longer to read. [a cacodemon]
 85923 | Pan      | Gained mutation: Scrolls take you longer to read. [a cacodemon]
 85928 | Pan      | Killed from afar by a Hell Sentinel

Skill      XL: |  1  2  3  4  5  6  7  8  9 10 11 12 13 14 15 16 17 18 19 20 21 22 23 24 25 26 27 |
---------------+----------------------------------------------------------------------------------+-----
Fighting       | 4 5 6 7 9 10 11 12 13 14 16 19 22 | 22.9
Maces & Flails | 3 4 5 7 8 10 11 13 14 15 16 17 | 17.4
Armour         | 4 5 6 8 9 10 11 14 15 17 18 23 | 23.5
Shields        | 4 5 6 8 9 11 12 14 15 17 18 19 21 22 23 24 25 27 | 27.0
Dodging        | 1 2 4 5 6 9 11 12 14 18 | 18.2
Stealth        | 4 5 |  5.0
Invocations    | 4 7 8 9 |  9.0
Evocations     | 3 4 5 7 10 13 | 13.0
Spellcasting   | 1 2 4 |  4.0
Polearms       | 3 11 15 18 | 18.8
Earth Magic    | 4 6 |  6.0
Hexes          | 13 | 13.3
Conjurations   | 5 |  5.0
Air Magic      | 8 |  8.6

Action                   |  1- 3 |  4- 6 |  7- 9 | 10-12 | 13-15 | 16-18 | 19-21 | 22-24 | 25-27 || total
-------------------------+-------+-------+-------+-------+-------+-------+-------+-------+-------++-------
Melee: Flail             |   154 |    94 |   195 |   928 |   551 |   146 |   798 |   120 |    36 ||  3022
       Rapier            |       |       |   218 |       |       |       |       |       |       ||   218
       Eveningstar       |       |       |       |    21 |   415 |   785 |   854 |       |       ||  2075
       Morningstar       |       |       |       |       |   553 |   718 |     2 |       |       ||  1273
       Peck              |       |       |       |       |       |       |   401 |  1036 |  2511 ||  3948
       Lance             |       |       |       |       |       |       |   264 |  2490 |  7410 || 10164
       Headbutt          |       |       |       |       |       |       |       |   480 |   558 ||  1038
       Bite              |       |       |       |       |       |       |       |       |   411 ||   411
       Pseudopods        |       |       |       |       |       |       |       |       |     6 ||     6
       Spear             |       |       |       |       |       |       |       |       |     2 ||     2
Throw: Tomahawk          |       |       |       |       |     5 |       |       |       |       ||     5
Invok: Heroism           |       |       |     1 |     4 |     6 |    23 |    24 |       |       ||    58
       Finesse           |       |       |       |     1 |     4 |     6 |     7 |       |       ||    18
       Request Jelly     |       |       |       |       |       |       |     4 |     5 |     4 ||    13
       Cure Bad Mutation |       |       |       |       |       |       |       |     5 |    17 ||    22
       Slimify           |       |       |       |       |       |       |       |       |     7 ||     7
 Abil: Evoke Invisibilit |       |       |       |       |     1 |     3 |     1 |     1 |     1 ||     7
       Fly               |       |       |       |       |       |     1 |       |     5 |     2 ||     8
       Evoke Blink       |       |       |       |       |       |     1 |       |       |     7 ||     8
       Stop Flying       |       |       |       |       |       |       |       |     5 |     2 ||     7
Evoke: Wand              |       |       |       |       |       |       |     1 |     1 |     1 ||     3
       Lamp of fire      |       |       |       |       |       |       |       |     1 |     3 ||     4
       Box of beasts     |       |       |       |       |       |       |       |     1 |       ||     1
       Lightning rod     |       |       |       |       |       |       |       |     1 |     6 ||     7
       Phial of floods   |       |       |       |       |       |       |       |       |     1 ||     1
  Use: Potion            |     1 |       |       |     9 |     4 |     5 |     3 |     5 |    10 ||    37
       Scroll            |       |     4 |     7 |    11 |    14 |    21 |    12 |     9 |    43 ||   121
 Stab: Sleeping          |       |       |       |    10 |    23 |     3 |     2 |     3 |     4 ||    45
       Distracted        |       |       |       |     1 |     3 |     1 |       |     2 |    23 ||    30
       Confused          |       |       |       |       |       |     4 |       |       |    10 ||    14
       Invisible         |       |       |       |       |       |     7 |     2 |    26 |     1 ||    36
       Held in net/web   |       |       |       |       |       |     1 |       |       |       ||     1
       Fleeing           |       |       |       |       |       |       |       |     1 |       ||     1
       Paralysed         |       |       |       |       |       |       |       |       |     2 ||     2
  Eat: Chunk             |     2 |     4 |     7 |    11 |    24 |    10 |     7 |       |       ||    65
       Ration            |       |       |     1 |     3 |     3 |     8 |    13 |       |     1 ||    29
Armor: Scale mail        |   116 |    35 |   120 |       |   222 |    24 |   162 |       |       ||   679
       Ring mail         |       |       |    36 |   242 |    32 |       |       |       |       ||   310
       Skin              |       |       |       |    22 |       |       |       |       |       ||    22
       Acid dragon scale |       |       |       |       |     1 |       |       |       |       ||     1
       Chain mail        |       |       |       |       |       |   550 |   135 |   603 |  1278 ||  2566
Dodge: Dodged            |    50 |    33 |   194 |   406 |   240 |   441 |   225 |   540 |  2325 ||  4454
Block: Shield            |    88 |    46 |   272 |   335 |       |       |       |       |       ||   741
       Large shield      |       |       |       |   491 |  1421 |  1919 |  1727 |  2632 |  8009 || 16199
